 Dungeon Crawl Stone Soup version 0.28-a0-1143-gcf6077d4cc (webtiles) character file.

Game seed: 4679707759338772778

62 kae the Chopper (level 4, -1/39 HPs)
             Began as a Hill Orc Fighter on Dec 13, 2021.
             Succumbed to an adder's poison
             ... on level 3 of the Dungeon.
             The game lasted 00:01:16 (1854 turns).

kae the Chopper (Hill Orc Fighter)                  Turns: 1854, Time: 00:01:17

Health: -1/39      AC:  7    Str: 19 (20) XL:     4   Next: 8%
Magic:  4/4        EV:  9    Int:  6 (8)  God:
Gold:   39         SH:  4    Dex:  9 (10) Spells: 3/3 levels left

rFire   . . .      SeeInvis .   a - +0 war axe (vamp)
rCold   . . .      Faith    .   c - +0 buckler
rNeg    . . .      Spirit   .   b - +1 scale mail
rPois   .          Reflect  .   (no helmet)
rElec   .          Harm     .   (no cloak)
rCorr   .          Rampage  .   (no gloves)
Will    .....                   (no boots)
Stlth   ..........              (no amulet)
HPRegen 0.13/turn               (no ring)
MPRegen 0.09/turn               (no ring)

@: lethally poisoned (-1 -> -7), attractive
A: no striking features
a: no special abilities


You were on level 3 of the Dungeon.
You visited 1 branch of the dungeon, and saw 4 of its levels.

You collected 39 gold pieces.

Inventory:

Hand Weapons
 a - a +0 vampiric war axe (weapon)
Armour
 b - a +1 scale mail (worn)
 c - a +0 buckler (worn)
Scrolls
 e - a scroll of fog
Potions
 d - 2 potions of might
 h - a potion of invisibility


   Skills:
 - Level 3.6 Fighting
 + Level 5.0 Axes
 - Level 3.2 Armour
 - Level 4.0 Shields


You had 3 spell levels left.
You didn't know any spells.
Your spell library contained the following spells:

 Spells                   Type           Power      Damage    Failure   Level
 Magic Dart               Conj           0%         1d3       82%         1
 Searing Ray              Conj           0%         2d4       91%         2
 Fulminant Prism          Conj/Hex       0%         3d6       100%        4


Dungeon Overview and Level Annotations

Branches:
Dungeon (4/15)
 Temple: D:4-7

Altars:
Hepliaklqana
Uskayaw


Message History

You are too injured to fight recklessly!
You slash the orc!
You feel better.
You kill the orc!
You closely miss the adder.
You feel very sick.
The adder bites you but does no damage. x2
Your Axes skill increases to level 5!
You hit the adder but do no damage.
The adder is moderately wounded.
You feel very sick. The adder bites you but does no damage.
The adder bites you.
You are more poisoned.
The adder poisons you!
You miss the adder.
The adder is moderately wounded.
* * * LOW HITPOINT WARNING * * *
You feel very sick. The adder bites you.
* * * LOW HITPOINT WARNING * * *
You are more poisoned.
The adder poisons you!
You closely miss the adder.
The adder is moderately wounded.
* * * LOW HITPOINT WARNING * * *
You feel very sick. The adder barely misses you. The adder closely misses you.
You miss the adder.
The adder is moderately wounded.
* * * LOW HITPOINT WARNING * * *
You feel sick. The adder closely misses you.
The adder bites you but does no damage.
It was a potion of attraction.
You feel attractive to monsters.
* * * LOW HITPOINT WARNING * * *
You feel sick. The adder bites you.
* * * LOW HITPOINT WARNING * * *
It was a potion of degeneration.
There was something very wrong with that liquid.
You feel weakened.
You feel dopey.
You feel clumsy.
You die...

#...........?.
#.............
#.............
#.............
##.>............
...................
......S)†..........
.......@...........
...................
..$................
...................
...................
........†..>.......
...................
+#.................
........#........#.


You could see an adder.

Vanquished Creatures
  An adder (D:2)
  A worm (D:2)
  4 orcs (D:3)
  8 ball pythons
  3 bats (D:1)
  4 endoplasms
  A giant cockroach (D:2)
  6 goblins
  5 kobolds
  2 quokkas
  2 frilled lizards (D:1)
  6 rats
43 creatures vanquished.

Notes
Turn   | Place    | Note
-------+----------+-------------------------------------------
     0 | D:1      | kae the Hill Orc Fighter began the quest for the Orb.
     0 | D:1      | Reached XP level 1. HP: 19/19 MP: 1/1
    47 | D:1      | Reached skill level 3 in Axes
   111 | D:1      | Reached XP level 2. HP: 26/26 MP: 2/2
   425 | D:1      | Found a faded altar of an unknown god.
   673 | D:1      | Reached XP level 3. HP: 31/31 MP: 3/3
   742 | D:1      | Reached skill level 4 in Axes
  1038 | D:1      | Found a hide-covered altar of Uskayaw.
  1488 | D:2      | Found a hazy altar of Hepliaklqana.
  1790 | D:2      | You fall into a shaft and drop 2 floors!
  1845 | D:3      | Reached XP level 4. HP: 32/39 MP: 4/4
  1849 | D:3      | Reached skill level 5 in Axes
  1853 | D:3      | HP: 1/39 [adder (1)]
  1854 | D:3      | Succumbed to an adder's poison

Illustrated notes

Levels and vault maps discovered:
D:1:      dpeg_arrival_lava_altar, layout_basic, basic_ecumenical_altar,
          hangedman_decor_diamond_cutter
D:2:      layout_loops_ring, basic_altar, serial_aquarium,
          aquarium_bridge_square [aquarium_subvault_wall,
          aquarium_subvault_bridge, aquarium_subvault_window,
          aquarium_subvault_balcony], aquarium_bridge_straight
          [aquarium_subvault_bridge, aquarium_subvault_wall,
          aquarium_subvault_bridge, aquarium_subvault_window],
          aquarium_window_fake, aquarium_window_fake, aquarium_window_2,
          aquarium_view_4, aquarium_view_2e, aquarium_balcony_3b, hex_large
D:3:      layout_basic, serial_shops, shop_statue, gammafunk_ghost_necromancy,
          uniq_crazy_yiuf_cottage, uniq_jessica
D:4:      layout_cave_pools

Skill      XL: |  1  2  3  4 |
---------------+-------------+-----
Axes           | 3 4 5 |  5.0
Shields        | 4 |  4.0
Fighting       | |  3.6
Armour         | |  3.2

Action                   |  1- 3 |  4- 6 || total
-------------------------+-------+-------++-------
Melee: War axe           |   110 |     8 ||   118
  Use: Scroll            |     6 |       ||     6
       Potion            |       |     2 ||     2
Armor: Scale mail        |    42 |     4 ||    46
Dodge: Dodged            |    50 |     4 ||    54
Block: Buckler           |    20 |     1 ||    21

Table legend: (Time is in decaauts)
 A = Elapsed time spent in this place.
 B = Non-inter-level travel time spent in this place.
 C = Inter-level travel time spent in this place.
 D = Time resting spent in this place.
 E = Time spent auto-exploring this place.
 F = Levels seen in this place.
 G = Mean time per level.
                   A        B        C        D        E       F      G
               +--------+--------+--------+--------+--------+-----+--------+
         Total |   1890 |   1822 |     68 |     23 |   1498 |   4 |  472.5 |
       Dungeon |   1890 |   1822 |     68 |     23 |   1498 |   4 |  472.5 |
               +--------+--------+--------+--------+--------+-----+--------+

Top non-repeatable levels by time:
     D:1: 1127 daAuts
     D:2: 696 daAuts
     D:4: 39 daAuts
     D:3: 27 daAuts
